Map: Hidden Caves

Players

klimok - Winner!

  • Race: Protoss Protoss

Barbara - Winner!

  • Race: Protoss Protoss
  • League: Bronze

Fermi - Winner!

  • Race: Terran Terran
  • League: Gold

DaemonHell - Winner!

  • Race: Terran Terran

Fartermaster

  • Race: Protoss Protoss

frääääänk

  • Race: Zerg Zerg

Vampire

  • Race: Terran Terran

trasser

  • Race: Protoss Protoss

VOD

Have the link to the VOD?

Description

Time

  • Played on: Feb. 23, 2016, 2:04 p.m.
  • Length: 23:37
Show
View Real Time Build Order
Export as new Build Order

klimok Protoss - Winner!

Build Orders:  

Get SALT Encoding   

  12  0:06  Probe (Chrono Boost)  
  13  0:17  Probe (Chrono Boost)  
  14  0:24  Pylon  
  14  0:28  Assimilator  
  14  0:30  Probe (Chrono Boost)  
  15  0:44  Probe (Chrono Boost)  
  15  0:48  Gateway  
  16  0:55  Probe (Chrono Boost)  
  17  0:59  Assimilator  
  17  1:05  Probe (Chrono Boost)  
  18  1:16  Probe (Chrono Boost)  
  19  1:27  Pylon  
  19  1:30  Probe (Chrono Boost)  
  20  1:37  Cybernetics Core  
  20  1:40  Probe (Chrono Boost)  
  21  1:51  Probe (Chrono Boost)  
  21  1:53  Forge  
  23  2:01  Probe (Chrono Boost)  
  23  2:24  Pylon  
  23  2:27  Stargate x2  
  23  2:44  Photon Cannon  
  23  2:46  Photon Cannon  
  23  2:54  Photon Cannon  
  24  3:16  Void Ray  
  27  3:24  Void Ray  
  31  4:02  Nexus  
  31  4:07  Assimilator  
  31  4:10  Assimilator  
  31  4:11  Probe (Chrono Boost)  
  32  4:22  Probe (Chrono Boost)  
  33  4:32  Probe (Chrono Boost)  
  34  4:43  Probe (Chrono Boost)  
  35  5:19  Void Ray x2  
  43  5:22  Protoss Air Weapons Level 1  
  43  5:25  Probe (Chrono Boost)  
  36  5:58  Stargate  
  36  6:02  Void Ray x2  
  44  6:07  Probe (Chrono Boost)  
  45  6:11  Probe (Chrono Boost)  
  45  6:17  Probe (Chrono Boost)  
  47  6:22  Probe (Chrono Boost), Photon Cannon  
  47  6:24  Photon Cannon  
  48  6:28  Probe (Chrono Boost)  
  50  6:32  Probe (Chrono Boost)  
  50  6:33  Pylon  
  50  6:38  Probe (Chrono Boost)  
  51  6:43  Probe (Chrono Boost)  
  52  6:49  Probe (Chrono Boost)  
  52  6:53  Probe (Chrono Boost)  
  54  6:55  Pylon  
  54  6:59  Photon Cannon  
  54  7:07  Void Ray  
  58  7:12  Void Ray  
  62  7:22  Void Ray  
  66  7:43  Nexus  
  66  8:20  Void Ray  
  70  8:46  Photon Cannon  
  70  8:54  Photon Cannon, Void Ray x2  
  78  9:14  Void Ray  
  82  9:35  Probe (Chrono Boost)  
  83  9:45  Probe (Chrono Boost)  
  84  9:56  Probe (Chrono Boost)  
  85  10:13  Protoss Air Armor Level 1  
  85  10:36  Pylon  
  85  10:37  Pylon  
  85  10:39  Pylon, Protoss Shields Level 1  
  85  10:41  Pylon  
  85  10:53  Void Ray x2  
  85  10:55  Probe (Chrono Boost), Void Ray  
  86  11:06  Probe (Chrono Boost)  
  75  11:36  Void Ray x2  
  78  12:02  Void Ray  
  71  12:19  Void Ray x2  
  75  12:34  Probe (Chrono Boost), Stargate  
  75  12:35  Stargate  
  76  12:38  Assimilator  
  76  12:41  Assimilator  
  76  12:44  Probe (Chrono Boost)  
  76  12:45  Void Ray  
  81  12:51  Fleet Beacon  
  81  12:53  Robotics Facility  
  81  12:55  Probe (Chrono Boost)  
  82  12:59  Twilight Council  
  82  13:02  Void Ray x2  
  82  13:03  Stargate x2  
  91  13:05  Probe (Chrono Boost)  
  91  13:16  Probe (Chrono Boost)  
  92  13:24  Void Ray x2  
  100  13:28  Void Ray  
  104  13:35  Probe (Chrono Boost)  
  105  13:45  Void Ray x2  
  105  13:46  Probe (Chrono Boost)  
  114  13:57  Probe (Chrono Boost)  
  111  14:52  Tempest  
  115  15:28  Void Ray  
  115  15:30  Tempest  
  115  15:38  Carrier  
  69  15:55  Void Ray x3  
  81  16:16  Void Ray x2  
  81  16:17  Void Ray  
  93  16:23  Protoss Air Weapons Level 2  
  93  16:38  Graviton Catapult, Void Ray x2  
  101  16:47  Pylon  
  101  16:48  Pylon  
  101  16:49  Pylon  
  101  16:51  Pylon  
  101  16:52  Pylon  
  101  16:54  Pylon  
  101  16:55  Pylon  
  101  16:58  Carrier  
  101  17:00  Carrier  
  101  17:01  Void Ray  
  117  17:05  Void Ray  
  121  17:11  Void Ray  
  125  17:29  Void Ray  
  129  17:49  Void Ray  
Show
View Real Time Build Order
Export as new Build Order

Barbara Protoss - Winner!

Build Orders:  

Get SALT Encoding   

  12  0:13  Pylon  
  12  0:14  Probe (Chrono Boost)  
  13  0:29  Probe (Chrono Boost)  
  14  0:39  Forge  
  14  1:32  Pylon  
  14  1:38  Assimilator  
  14  2:02  Photon Cannon  
  14  2:03  Photon Cannon  
  14  2:05  Photon Cannon  
  12  2:21  Probe (Chrono Boost)  
  13  2:28  Gateway  
  13  2:31  Probe (Chrono Boost)  
  13  2:33  Assimilator  
  14  2:42  Probe (Chrono Boost)  
  15  3:35  Pylon  
  15  4:15  Pylon  
  15  4:47  Photon Cannon  
  14  5:36  Probe (Chrono Boost)  
  14  5:38  Nexus  
  15  5:47  Probe (Chrono Boost)  
  16  5:57  Cybernetics Core  
  16  5:58  Probe (Chrono Boost)  
  17  6:04  Pylon  
  17  6:07  Pylon, Assimilator  
  17  6:08  Probe (Chrono Boost)  
  18  6:11  Assimilator  
  18  6:19  Probe (Chrono Boost)  
  19  6:29  Probe (Chrono Boost)  
  20  6:40  Probe (Chrono Boost)  
  20  6:47  Stargate  
  20  6:48  Stargate  
  20  6:49  Stargate  
  20  6:50  Probe (Chrono Boost)  
  20  6:53  Stargate  
  22  6:54  Probe (Chrono Boost), Stargate  
  22  6:57  Stargate  
  22  7:01  Probe (Chrono Boost)  
  23  7:04  Probe (Chrono Boost)  
  24  7:17  Probe (Chrono Boost)  
  25  7:28  Probe (Chrono Boost)  
  26  7:38  Probe (Chrono Boost)  
  27  7:49  Probe (Chrono Boost)  
  28  7:54  Protoss Air Weapons Level 1  
  28  7:56  Protoss Shields Level 1  
  28  7:59  Probe (Chrono Boost)  
  28  8:05  Void Ray x2  
  37  8:14  Probe (Chrono Boost)  
  38  8:25  Probe (Chrono Boost)  
  39  8:35  Probe (Chrono Boost)  
  39  8:38  Void Ray  
  44  8:48  Void Ray  
  48  8:49  Void Ray  
  52  9:02  Pylon  
  52  9:10  Probe (Chrono Boost)  
  53  9:19  Void Ray  
  53  9:21  Probe (Chrono Boost)  
  57  10:08  Pylon  
  57  10:10  Protoss Air Armor Level 1  
  57  10:12  Pylon  
  57  10:16  Pylon  
  57  10:26  Probe (Chrono Boost)  
  58  10:29  Void Ray  
  58  10:30  Void Ray x2  
  70  10:37  Probe (Chrono Boost)  
  71  10:47  Probe (Chrono Boost)  
  48  11:49  Void Ray x4  
  64  11:58  Robotics Facility  
  64  12:01  Void Ray x2  
  72  12:32  Nexus  
  72  12:37  Void Ray  
  72  12:43  Pylon  
  76  12:46  Observer  
  77  12:54  Assimilator  
  77  12:58  Assimilator  
  77  13:01  Void Ray  
  81  13:06  Void Ray  
  85  13:12  Pylon  
  81  14:15  Void Ray x4  
  81  14:16  Void Ray  
  101  15:11  Probe (Chrono Boost)  
  102  15:21  Probe (Chrono Boost)  
  103  15:32  Probe (Chrono Boost)  
  73  15:43  Probe (Chrono Boost)  
  41  16:05  Void Ray x5  
  41  16:06  Void Ray  
  41  16:09  Observer  
  66  16:30  Observer  
  66  17:22  Void Ray x4  
  74  17:23  Void Ray x2  
  46  18:05  Void Ray  
  26  19:51  Void Ray x6  
  46  20:09  Nexus  
  46  20:40  Nexus  
  47  21:25  Probe (Chrono Boost)  
  47  21:36  Probe (Chrono Boost)  
  47  21:39  Assimilator  
  48  21:44  Assimilator  
  48  21:46  Probe (Chrono Boost)  
  49  21:57  Probe (Chrono Boost)  
  49  21:58  Assimilator  
  49  21:59  Assimilator  
  50  22:08  Probe (Chrono Boost)  
  51  23:34  Nexus  
Show
View Real Time Build Order
Export as new Build Order

Fermi Terran - Winner!

Build Orders: Command Center First (CC), MMM Bio 

Get SALT Encoding   

  12  0:01  SCV  
  13  0:13  SCV  
  14  0:21  Supply Depot  
  14  0:26  SCV  
  15  0:42  SCV  
  16  0:54  SCV  
  17  1:05  Command Center  
  17  1:08  SCV  
  18  1:16  Barracks  
  18  1:27  SCV  
  19  1:39  SCV  
  20  1:51  SCV  
  21  1:55  Barracks  
  22  2:10  Orbital Command  
  21  2:18  Marine  
  21  2:21  Orbital Command  
  22  2:28  Barracks  
  22  2:29  Refinery  
  22  2:31  Refinery  
  22  2:41  SCV  
  23  2:48  SCV  
  24  2:53  SCV  
  24  2:56  Marine x2  
  27  3:00  SCV  
  28  3:05  SCV  
  28  3:12  SCV  
  30  3:14  Marine x2  
  30  3:16  Barracks Tech Lab  
  30  3:18  SCV  
  33  3:24  SCV  
  34  3:30  Supply Depot, SCV  
  34  3:32  Marine x2  
  37  3:38  Marine  
  38  3:50  Factory  
  38  3:51  Marine x2  
  38  3:52  Engineering Bay  
  38  3:53  Supply Depot  
  38  3:54  Engineering Bay  
  40  3:56  Marine  
  40  3:58  SCV x2  
  43  4:06  Stimpack  
  43  4:09  Marine x2  
  45  4:15  Supply Depot  
  45  4:16  SCV x2  
  47  4:20  Refinery  
  47  4:21  Refinery  
  47  4:27  Marine x3  
  47  4:28  SCV x2  
  52  4:32  Terran Infantry Weapons Level 1  
  52  4:33  Terran Infantry Armor Level 1  
  52  4:39  Supply Depot, Starport  
  52  4:47  Factory Reactor  
  52  4:49  SCV x2  
  54  5:01  Supply Depot, SCV x2, Marine x3  
  59  5:19  Marine x3  
  62  5:27  Missile Turret, Armory  
  62  5:32  Missile Turret  
  62  5:37  Marine x3  
  65  5:51  Supply Depot, Medivac x2  
  65  5:52  Supply Depot  
  65  5:55  Factory Tech Lab  
  65  5:56  Marine x3  
  72  6:11  Barracks x2  
  72  6:14  Marine x3  
  75  6:25  Combat Shields  
  75  6:29  Supply Depot  
  75  6:32  Supply Depot  
  75  6:35  Barracks Reactor x2  
  75  6:37  Marine, Command Center  
  76  6:43  SCV x2  
  78  6:55  Terran Infantry Armor Level 2, Terran Infantry Weapons Level 2  
  78  7:05  Marine x3  
  81  7:11  Medivac x2  
  81  7:13  Supply Depot  
  81  7:14  Supply Depot  
  85  7:16  Marine x2  
  85  7:17  Marine  
  85  7:19  Marine  
  89  7:23  Marine  
  89  7:29  Barracks Reactor x2  
  90  7:34  Marine x2  
  90  7:35  Marine  
  93  7:48  SCV x2  
  95  7:55  Orbital Command  
  95  8:00  SCV  
  95  8:01  SCV  
  95  8:05  Marine x8  
  103  8:06  Marine  
  107  8:12  SCV  
  107  8:13  SCV  
  108  8:22  Supply Depot, Marine x3  
  108  8:23  Marine x6  
  108  8:24  Supply Depot  
  108  8:25  SCV x2  
  119  8:28  Siege Tank  
  122  8:37  SCV x2  
  124  8:46  Supply Depot  
  124  8:47  Supply Depot  
  124  8:50  Marine x6  
  124  8:51  Marine x3  
  133  9:07  Marine  
  133  9:08  Marine x2  
  136  9:21  Supply Depot  
  136  9:23  Supply Depot  
  136  9:37  Terran Infantry Armor Level 3, Terran Infantry Weapons Level 3  
  136  9:44  Medivac x2  
  140  9:47  Marine  
  140  9:48  Marine x8  
  149  10:05  Marine  
  149  10:06  Marine x8  
  158  10:14  Medivac x2  
  162  10:23  Marine  
  162  10:24  Marine x4  
  139  10:43  Marine x3  
  139  10:44  Marine x3  
  145  10:55  Medivac  
  145  10:56  Medivac  
  149  10:58  Marine  
  149  10:59  Marine x2  
  149  11:01  Marine x4  
  149  11:02  Marine x2  
  147  11:16  Marine  
  147  11:17  Marine x2  
  145  11:19  Marine x5  
  145  11:20  Marine  
  151  11:25  Medivac  
  151  11:26  Medivac  
  155  11:34  Marine x3  
  155  11:37  Marine x6  
  164  11:52  Marine x3  
  167  11:54  Marine x2  
  167  11:55  Marine x4  
  145  12:09  Marine  
  145  12:10  Marine x2  
  145  12:12  Marine x3  
  145  12:13  Marine x3  
  154  12:27  Marine  
  154  12:28  Marine x2  
  157  12:30  Marine x4  
  157  12:31  Marine x2  
  162  12:45  Marine  
  162  12:46  Marine x2  
  162  12:48  Marine x5  
  162  12:49  Marine  
  171  13:03  Marine x3  
  174  13:06  Marine x6  
  180  13:21  Marine x2  
  172  13:53  Marine x8  
  172  13:54  Marine  
  181  14:10  Marine  
  181  14:11  Marine x7  
  189  14:35  Marine  
  189  14:36  Marine x3  
  189  14:42  Marine x2  
  189  14:45  Marine  
  189  14:47  Marine  
  189  14:58  Marine x2  
  189  15:28  Command Center  
  189  15:43  Orbital Command  
  189  16:40  Terran Vehicle And Ship Armor Level 1  
  189  16:46  Supply Depot  
  189  16:47  Supply Depot  
  189  17:07  Marine x8  
  189  17:08  Marine  
  198  17:25  Marine x2  
  118  18:27  Marine x9  
  118  18:30  Medivac  
  118  18:31  Medivac  
  131  18:44  Marine  
  131  18:45  Marine x8  
  140  19:00  Medivac  
  140  19:01  Medivac  
  140  19:02  Marine  
  132  19:03  Marine x8  
  133  19:20  Marine  
  133  19:21  Marine x8  
  111  19:38  Marine x3  
  109  19:39  Marine x6  
  118  19:56  Marine x9  
  118  19:57  Barracks  
  127  20:02  Barracks  
  127  20:03  Barracks  
  127  20:05  Barracks  
  127  20:06  Barracks  
  127  20:08  Barracks  
  127  20:14  Marine x9  
  136  20:31  Marine  
  136  20:32  Marine x8  
  142  20:50  Marine  
  134  21:49  Barracks Reactor  
  134  21:50  Barracks Reactor x5  
  134  21:52  Marine x8  
  134  21:53  Marine  
  143  22:09  Marine  
  143  22:10  Marine x8  
  152  22:25  Marine  
  152  22:27  Marine  
  152  22:28  Marine x8  
  162  22:45  Marine  
  162  22:46  Marine x8  
  171  23:03  Marine x6  
  171  23:04  Marine x2  
Show
View Real Time Build Order
Export as new Build Order

DaemonHell Terran - Winner!

Build Orders:  

Get SALT Encoding   

  12  0:01  SCV  
  13  0:16  Supply Depot  
  13  0:18  SCV  
  14  0:31  SCV  
  15  0:42  Barracks  
  15  0:43  SCV  
  16  0:55  SCV  
  17  1:07  SCV  
  18  1:19  SCV  
  18  1:24  Barracks  
  19  1:29  Supply Depot  
  19  1:37  Marine  
  20  1:57  Marine  
  20  1:58  Command Center  
  20  2:01  Barracks  
  21  2:14  Marine  
  22  2:19  Barracks  
  22  2:22  Marine  
  23  2:28  Orbital Command  
  23  2:34  Marine  
  24  2:41  Marine  
  25  2:51  Marine  
  26  3:04  Marine x2  
  28  3:08  Refinery  
  28  3:16  Orbital Command  
  28  3:20  Marine x2, Refinery  
  28  3:21  Marine  
  28  3:22  Marine  
  32  3:38  Marine x2  
  32  3:39  Marine x2  
  35  3:56  Marine x2, SCV  
  35  3:57  Marine x2  
  35  4:02  SCV  
  41  4:08  SCV  
  42  4:14  Marine, SCV  
  42  4:15  Marine  
  46  4:23  Supply Depot  
  46  4:24  Marine  
  46  4:25  Barracks Reactor  
  45  4:31  Marine  
  46  4:46  Supply Depot  
  41  5:06  Marine x2  
  41  5:07  Marine x2  
  39  5:09  Supply Depot  
  37  5:22  Marine  
  37  5:24  Marine x4  
  41  5:40  Marine  
  41  5:42  Marine x3  
  42  5:54  Supply Depot  
  42  5:58  Marine  
  42  6:00  Barracks Tech Lab, Marine x3, Refinery  
  42  6:17  Supply Depot, Marine  
  43  6:25  Barracks Tech Lab  
  43  6:29  Barracks Reactor  
  43  6:30  Factory  
  43  6:32  Marauder  
  45  6:33  Marine  
  45  6:35  Marine  
  47  6:51  Marine  
  47  6:53  Marine, Marauder  
  51  7:04  Supply Depot  
  49  7:09  Marine  
  49  7:10  Marauder  
  49  7:12  Marine x3  
  49  7:14  Marauder  
  57  7:18  Combat Shields  
  57  7:27  Marine  
  57  7:29  Marine  
  58  7:30  Marine x2, Starport  
  58  7:31  Marauder  
  58  7:36  Marauder  
  65  7:43  Factory Reactor  
  65  7:45  Marine  
  65  7:47  Marine  
  65  7:48  Marine x2  
  69  7:53  Marauder  
  69  7:56  Supply Depot, Marine  
  72  8:02  Marine  
  73  8:08  Command Center  
  73  8:16  Engineering Bay  
  72  8:41  Concussive Shells  
  72  8:47  Medivac x2  
  76  9:07  Marine, Marauder x2  
  76  9:08  Marine x3  
  84  9:17  Medivac x2  
  88  9:25  Marine  
  88  9:26  Marine x3  
  88  9:29  Marauder x2  
  96  9:43  Marine  
  96  9:44  Marine x2  
  96  9:45  Marine  
  100  9:47  Medivac  
  102  9:55  Supply Depot  
  102  10:05  Terran Infantry Weapons Level 1  
  102  10:17  Marauder x2  
  105  10:32  Marine x2  
  107  10:38  Marauder  
  109  11:04  Marauder  
  109  11:05  Marauder  
  56  11:26  Marauder  
  56  11:27  Marauder  
  56  11:32  Marine x4  
  64  11:47  Marine x2  
  46  11:50  Marine  
  45  11:57  Marine x3  
  48  12:05  Marauder  
  48  12:06  Marauder  
  48  12:07  Marine  
  53  12:17  Marine x2  
  54  12:26  Marauder  
  54  12:27  Marauder  
  57  12:48  Marauder  
  57  12:49  Marauder  
  51  12:53  Marine x4  
  55  13:00  Medivac  
  55  13:01  Medivac  
  59  13:09  Marauder  
  59  13:10  Marauder  
  59  13:11  Marine x4  
  67  13:28  Marine  
  67  13:29  Marine x3  
  67  13:30  Marine, Medivac  
  67  13:31  Marine, Medivac  
  77  13:46  Marine  
  77  13:47  Marine x3  
  77  13:48  Marine  
  82  13:49  Marine  
  82  13:53  Command Center  
  74  14:00  Medivac  
  68  14:06  Marine x2  
  68  14:08  Marine x3  
  68  14:09  Marine  
  74  14:24  Marauder  
  74  14:25  Marauder  
  78  14:45  Marauder  
  78  14:46  Marauder  
  80  15:06  Marine x3  
  80  15:07  Marine, Marauder  
  85  15:08  Marauder  
  88  15:18  Orbital Command  
  88  15:23  Marine  
  88  15:24  Marine x3  
  94  15:28  Marauder  
  94  15:29  Marauder  
  94  15:33  Terran Infantry Armor Level 1  
  96  15:41  Marine  
  97  15:59  Marauder x2  
  97  16:00  Marine x4  
  105  16:15  Supply Depot  
  105  16:17  Marine  
  105  16:18  Marine  
  107  16:20  Marauder  
  107  16:21  Marauder  
  111  16:35  Marine x4, Refinery  
  111  16:38  Supply Depot  
  115  16:42  Marauder x2  
  115  16:46  Factory  
  119  16:53  Marine x4  
  123  17:01  Supply Depot  
  123  17:03  Marauder x2  
  123  17:05  Stimpack  
  127  17:10  Marine  
  128  17:24  Supply Depot, Marauder  
  128  17:25  Marauder  
  132  17:52  Armory  
  132  17:55  Supply Depot  
  132  18:10  Marine x4, Marauder x2  
  140  18:18  Supply Depot  
  140  18:28  Marine x4  
  140  18:31  Marauder  
  140  18:32  Marauder  
  148  18:41  Supply Depot  
  148  18:46  Marine x4  
  152  18:52  Medivac x2  
  152  18:53  Marauder x2  
  160  19:03  Marine  
  160  19:04  Supply Depot, Marine  
  162  19:14  Marauder x2  
  166  19:22  Medivac x2  
  169  19:36  Marauder x2  
  135  20:06  Marauder  
  128  20:07  Marine x4, Marauder  
  125  20:25  Marine x4  
  125  20:28  Marauder x2  
  107  20:48  Marine  
  107  20:49  Marauder x2  
  109  21:11  Marauder x2  
  113  21:32  Marauder x2  
  117  21:53  Marauder  
  119  22:11  Marine x4, Marauder  
  119  22:15  Marauder  
  127  22:29  Marine x3  
  130  22:32  Marauder  
  130  22:36  Marauder  
  134  22:44  Command Center  
  134  23:32  Command Center  
Show
View Real Time Build Order
Export as new Build Order

Fartermaster Protoss 

Build Orders: Cannon Rush 

Get SALT Encoding   

  12  0:02  Probe (Chrono Boost)  
  13  0:13  Probe (Chrono Boost)  
  14  0:23  Pylon, Probe (Chrono Boost)  
  15  0:41  Probe (Chrono Boost)  
  16  0:47  Forge  
  16  0:52  Probe (Chrono Boost)  
  17  1:02  Probe (Chrono Boost)  
  18  1:13  Probe (Chrono Boost)  
  19  1:23  Pylon, Probe (Chrono Boost)  
  20  1:34  Probe (Chrono Boost)  
  21  1:48  Photon Cannon  
  21  1:53  Photon Cannon  
  21  1:56  Photon Cannon  
  21  1:58  Pylon  
  21  2:02  Photon Cannon  
  21  2:33  Pylon  
  21  2:39  Nexus  
  21  2:41  Pylon  
  21  2:54  Photon Cannon  
  21  2:55  Photon Cannon  
  21  2:59  Pylon  
  21  3:07  Photon Cannon  
  21  3:12  Photon Cannon  
  21  3:20  Photon Cannon  
  21  3:34  Photon Cannon  
  21  3:44  Assimilator  
  21  3:59  Assimilator  
  21  5:55  Probe (Chrono Boost)  
  22  6:01  Assimilator  
  22  6:06  Probe (Chrono Boost)  
  23  6:16  Probe (Chrono Boost)  
  24  6:27  Probe (Chrono Boost)  
  25  6:37  Probe (Chrono Boost)  
  26  7:15  Probe (Chrono Boost)  
  27  7:18  Probe (Chrono Boost)  
  28  7:25  Probe (Chrono Boost)  
  28  7:28  Probe (Chrono Boost)  
  30  7:36  Probe (Chrono Boost)  
  31  7:39  Probe (Chrono Boost)  
  32  7:46  Probe (Chrono Boost)  
  32  7:49  Probe (Chrono Boost)  
  34  7:57  Probe (Chrono Boost)  
  35  8:00  Probe (Chrono Boost)  
Show
View Real Time Build Order
Export as new Build Order

frääääänk Zerg 

Build Orders: Hatch First 

Get SALT Encoding   

  12  0:02  Drone  
  13  0:20  Overlord  
  13  0:26  Drone  
  14  0:39  Drone x2  
  16  0:43  Drone  
  17  1:01  Drone  
  18  1:05  Hatchery  
  17  1:12  Spawning Pool  
  17  1:15  Drone  
  17  1:28  Extractor, Drone  
  17  1:29  Drone  
  18  1:44  Drone  
  19  2:03  Queen  
  19  2:04  Zergling x2  
  19  2:06  Overlord  
  22  2:17  Overlord  
  22  2:37  Queen  
  22  2:39  Drone  
  22  2:40  Drone  
  26  2:46  Extractor  
  26  2:49  Roach Warren  
  26  2:50  Lair  
  24  3:03  Drone x3  
  27  3:11  Overlord  
  27  3:12  Overlord  
  27  3:34  Evolution Chamber  
  26  3:40  Evolution Chamber  
  24  3:47  Drone  
  24  3:48  Drone x2  
  27  3:53  Glial Reconstitution  
  27  3:55  Burrow  
  27  4:00  Hydralisk Den  
  27  4:01  Drone  
  27  4:02  Drone  
  28  4:03  Overlord x3  
  28  4:11  Drone x3  
  31  4:21  Zerg Missile Weapons Level 1  
  31  4:35  Extractor  
  30  4:39  Extractor  
  30  4:44  Muscular Augments  
  29  4:51  Hydralisk  
  27  5:06  Hydralisk x2  
  31  5:15  Hydralisk  
  33  5:25  Drone x4  
  33  5:26  Drone  
  38  5:53  Drone x3  
  38  5:54  Drone x2  
  43  6:01  Drone  
  45  6:04  Drone x4  
  45  6:05  Drone x5  
  53  6:25  Drone  
  54  6:27  Zerg Ground Armor Level 1  
  54  6:28  Zerg Missile Weapons Level 2  
  54  6:29  Tunneling Claws  
  54  6:33  Roach x2  
  54  6:34  Hatchery, Roach x3  
  54  6:39  Spore Crawler  
  62  6:42  Drone  
  63  6:50  Lurker Den  
  63  6:53  Roach x4  
  71  7:15  Roach x2  
  75  7:16  Overlord x4  
  75  7:26  Spore Crawler  
  74  7:33  Infestation Pit  
  73  7:43  Drone  
  73  7:44  Drone x3  
  75  7:45  Drone  
  75  7:47  Queen  
  75  7:48  Drone  
  83  8:05  Roach  
  83  8:06  Roach x4, Hydralisk x4  
  83  8:10  Drone  
  100  8:13  Spore Crawler  
  100  8:16  Roach, Hydralisk x2  
  105  8:42  Drone  
  105  8:43  Spore Crawler, Drone x2  
  105  8:45  Hydralisk x3  
  105  8:48  Overlord x5  
  113  8:53  Hive  
  113  8:55  Zerg Ground Armor Level 2  
  113  9:20  Zergling x12  
  113  9:21  Zergling x10  
  124  9:27  Metabolic Boost, Baneling Nest  
  121  10:19  Drone x4  
  121  10:20  Drone x2  
  127  10:24  Baneling x5  
  127  10:25  Baneling x5  
  127  10:26  Baneling x6  
  127  10:27  Baneling x5  
  127  10:28  Baneling  
  127  10:31  Centrifical Hooks  
  111  10:50  Roach x4  
  111  10:51  Roach x5, Hydralisk x4  
  111  10:54  Overlord x4  
  91  11:34  Hydralisk x2  
  91  11:35  Hydralisk x5  
  91  11:36  Hydralisk x2  
  109  11:44  Baneling x22  
  100  11:58  Roach x7  
  95  12:03  Baneling x11  
  89  12:24  Roach x3, Hydralisk x2  
  89  12:25  Hatchery, Roach  
  100  12:49  Hatchery  
  99  13:07  Baneling x9  
  98  13:43  Hydralisk x5  
  98  13:44  Hydralisk x6  
  98  13:45  Hydralisk x2  
  108  14:07  Hydralisk x3  
  108  14:08  Hydralisk x6  
  108  14:09  Hydralisk x3  
  100  15:03  Hydralisk x4  
  100  15:04  Hydralisk x2  
  100  15:05  Zergling x6  
  115  15:17  Overlord x3  
  115  16:06  Hydralisk x3  
  115  16:07  Hydralisk x4  
  115  16:08  Zergling x6  
  132  16:33  Baneling x3  
  132  16:34  Baneling x5  
  132  16:35  Baneling x4  
  132  16:40  Hydralisk x2  
  132  17:26  Overlord x5  
  132  17:35  Pneumatized Carapace  
  132  18:02  Zergling x2  
  132  18:03  Zergling x10  
  138  18:06  Zerg Missile Weapons Level 3  
  138  18:08  Zerg Ground Armor Level 3  
  138  18:40  Baneling x8  
  138  18:41  Baneling x3  
  138  18:48  Roach x5, Hydralisk x3  
  144  18:49  Roach  
  135  19:40  Baneling x10  
  135  19:41  Baneling  
  135  19:44  Baneling x10  
  109  19:49  Hydralisk  
  109  19:50  Hydralisk x5  
  28  22:40  Drone x23  
  28  23:18  Hatchery  
Show
View Real Time Build Order
Export as new Build Order

Vampire Terran 

Build Orders: Command Center First (CC) 

Get SALT Encoding   

  12  0:01  SCV  
  13  0:13  SCV  
  14  0:25  SCV  
  15  0:43  Supply Depot  
  15  1:04  SCV  
  15  1:05  Command Center  
  16  1:12  Supply Depot  
  16  1:20  SCV  
  17  1:27  Refinery  
  17  1:32  SCV  
  18  1:46  Barracks  
  19  2:01  SCV  
  19  2:13  SCV  
  20  2:17  SCV  
  20  2:22  Barracks  
  22  2:30  SCV  
  22  2:42  Supply Depot, SCV  
  23  2:45  SCV  
  24  2:52  Barracks Reactor  
  24  2:54  SCV  
  24  2:57  SCV  
  26  3:06  SCV  
  26  3:09  SCV  
  28  3:18  SCV  
  29  3:20  Barracks Tech Lab  
  29  3:22  Barracks, SCV  
  30  3:30  SCV, Refinery  
  30  3:31  Marine x2  
  33  3:40  Marauder  
  35  3:42  SCV  
  36  3:49  Marine x2  
  36  3:54  SCV  
  39  4:00  Factory  
  39  4:01  Marauder  
  41  4:06  SCV, Marine  
  43  4:10  Barracks Reactor  
  43  4:18  Supply Depot, SCV  
  43  4:22  Marine, Marauder  
  46  4:24  Marine  
  46  4:30  SCV  
  43  4:41  Marine  
  43  4:42  Marine  
  43  4:43  SCV  
  43  4:44  Marauder  
  48  4:45  Marine x2  
  48  4:49  Factory Tech Lab  
  50  4:55  SCV  
  50  4:56  Engineering Bay  
  50  4:59  Marine  
  52  5:00  Marine  
  52  5:03  Marine x2  
  52  5:04  Supply Depot  
  52  5:05  Marauder  
  56  5:16  Marine  
  56  5:18  Marine  
  58  5:21  Marine x2  
  58  5:26  Siege Tank, Marine  
  64  5:31  Supply Depot  
  64  5:34  Marine  
  65  5:35  Marine  
  65  5:39  Marine x2  
  65  5:44  Marauder  
  65  5:52  Marine  
  65  5:53  Marine  
  65  5:57  Marine x2  
  67  5:58  Siege Tank  
  72  6:06  Marauder  
  72  6:10  Marine  
  75  6:13  Supply Depot  
  75  6:17  Supply Depot  
  75  6:20  Refinery  
  75  6:23  Planetary Fortress  
  75  6:25  Refinery  
  75  6:27  Marauder  
  77  6:35  Siege Tank, Supply Depot  
  77  6:39  Supply Depot  
  80  6:53  Orbital Command  
  80  7:01  Missile Turret  
  80  7:04  Supply Depot, Missile Turret x2  
  80  7:07  Siege Tank  
  83  7:11  Starport  
  83  7:22  Missile Turret  
  83  7:27  Missile Turret x2  
  83  7:32  Starport  
  83  7:36  SCV  
  84  7:48  SCV  
  84  7:49  Starport  
  84  7:51  Terran Infantry Weapons Level 1  
  85  7:53  Siege Tank  
  85  7:55  Factory  
  88  8:00  SCV  
  89  8:10  Supply Depot, Starport Reactor  
  89  8:11  Starport Reactor  
  89  8:12  SCV  
  90  8:15  Command Center  
  90  8:24  SCV  
  90  8:25  Siege Tank, Starport Reactor  
  94  8:33  Supply Depot  
  94  8:38  Concussive Shells  
  94  8:43  Factory Reactor  
  94  8:51  Armory  
  94  8:53  Armory  
  94  8:57  Siege Tank, Viking  
  94  8:58  Viking x2  
  94  8:59  Viking  
  105  9:21  Combat Shields  
  105  9:36  Refinery  
  105  9:37  Refinery  
  100  9:43  Viking x6  
  100  9:45  Terran Infantry Armor Level 1  
  104  9:50  Marine x5  
  109  10:08  Marine x5  
  109  10:13  Viking x2  
  118  10:22  Widow Mine x3  
  118  10:25  Marine  
  125  10:30  SCV  
  126  10:42  SCV  
  126  10:43  Marine  
  126  10:44  Marine x4  
  131  10:50  Widow Mine  
  131  10:51  Widow Mine, Siege Tank  
  137  11:01  Marine  
  137  11:02  Marine  
  137  11:03  Marine x2  
  107  11:13  Marine  
  107  11:19  Widow Mine x2, Marine  
  107  11:20  Marine x3  
  107  11:21  Viking  
  107  11:24  Siege Tank  
  117  11:31  Marine  
  115  11:37  Marine  
  115  11:38  Marine x3  
  105  11:48  Widow Mine x2  
  105  11:49  Marine  
  105  11:53  Viking  
  105  11:54  Viking x4  
  117  11:55  Marine  
  117  11:56  Marine x3  
  118  12:07  Marine  
  119  12:14  Marine  
  120  12:29  Siege Tank  
  112  12:46  Drilling Claws  
  112  12:48  Viking x3  
  118  13:01  Siege Tank, Terran Vehicle Weapons Level 1  
  118  13:02  Terran Ship Weapons Level 1  
  121  13:18  Command Center  
  121  13:34  Siege Tank  
  120  13:48  Viking x2  
  120  13:49  Viking x3  
  120  13:55  Widow Mine  
  132  14:20  Siege Tank, Viking  
  134  14:30  Viking  
  136  14:41  Marine  
  136  14:42  Marine x4  
  141  14:52  Siege Tank  
  144  14:59  Marine  
  145  15:00  Marine x2  
  103  15:38  Widow Mine  
  103  15:39  Widow Mine x2  
  103  15:44  Refinery  
  103  16:01  SCV  
  104  16:07  Widow Mine x2  
  108  16:13  SCV  
  108  16:14  Marine  
  108  16:15  Marine x4  
  114  16:22  Terran Infantry Weapons Level 2  
  114  16:25  SCV  
  114  16:29  Viking  
  114  16:32  Marine  
  118  16:33  Marine x3  
  118  16:38  SCV  
  122  16:50  SCV  
  122  16:52  Widow Mine  
  125  16:55  Widow Mine  
  125  16:58  Command Center  
  127  17:06  Viking  
  129  17:39  Planetary Fortress  
  129  17:48  Missile Turret  
  129  17:50  Missile Turret  
  129  17:51  Missile Turret  
  83  18:21  Planetary Fortress  
  83  18:25  Marine  
  83  18:26  Marine x4  
  82  18:38  Siege Tank  
  85  18:43  Marine x4  
  85  18:44  Marine  
  88  19:00  Viking  
  88  19:01  Viking x2, Marine x5  
  96  19:02  Viking  
  93  19:12  Viking  
  72  19:19  Marine x5  
  66  19:37  Marine  
  61  19:44  Siege Tank  
  45  20:11  Viking x6  
  54  20:24  Widow Mine x3  
  57  20:41  Viking x6  
  69  20:52  Widow Mine  
  69  20:53  Widow Mine  
  75  20:58  SCV  
  56  21:44  Orbital Command  
  56  22:20  Supply Depot  
  54  22:45  Supply Depot  
  54  23:07  Supply Depot  
Show
View Real Time Build Order
Export as new Build Order

trasser Protoss 

Build Orders: Double Forge 

Get SALT Encoding   

  12  0:02  Probe (Chrono Boost)  
  13  0:12  Probe (Chrono Boost)  
  14  0:21  Pylon  
  14  0:23  Probe (Chrono Boost)  
  15  0:35  Assimilator  
  15  0:39  Probe (Chrono Boost)  
  16  0:49  Probe (Chrono Boost)  
  17  0:52  Gateway  
  17  1:00  Probe (Chrono Boost)  
  18  1:10  Probe (Chrono Boost)  
  19  1:14  Assimilator  
  19  1:21  Probe (Chrono Boost)  
  20  1:31  Probe (Chrono Boost)  
  21  1:36  Gateway  
  21  1:42  Probe (Chrono Boost), Forge  
  22  2:11  Cybernetics Core  
  22  2:14  Probe (Chrono Boost)  
  23  2:22  Pylon  
  23  2:31  Photon Cannon  
  23  2:40  Zealot  
  25  2:48  Photon Cannon  
  25  3:00  Pylon  
  25  3:24  Stargate  
  25  3:27  Stargate  
  25  3:29  Cybernetics Core  
  25  3:33  Pylon  
  25  3:36  Pylon  
  23  3:49  Forge  
  23  3:53  Pylon  
  23  3:56  Zealot  
  23  3:57  Zealot  
  27  4:14  Void Ray  
  27  4:32  Zealot  
  31  4:42  Photon Cannon  
  31  4:44  Photon Cannon  
  31  4:49  Void Ray  
  31  5:25  Void Ray  
  35  5:28  Protoss Air Weapons Level 1 (Chrono Boost)  
  31  5:56  Nexus  
  31  6:05  Void Ray  
  35  6:17  Fleet Beacon  
  35  6:20  Pylon  
  35  6:24  Pylon  
  35  6:27  Pylon  
  35  6:35  Void Ray  
  35  6:37  Nexus  
  39  6:49  Pylon  
  39  6:52  Pylon  
  39  6:55  Pylon  
  39  6:57  Assimilator  
  39  7:00  Probe  
  40  7:13  Probe  
  41  7:18  Void Ray  
  45  7:25  Probe  
  45  7:27  Probe  
  48  7:37  Probe x2  
  49  7:48  Probe  
  49  7:49  Probe  
  49  7:51  Protoss Air Weapons Level 2 (Chrono Boost)  
  51  7:55  Protoss Shields Level 1  
  51  7:58  Probe  
  51  8:01  Probe  
  51  8:02  Mothership Core  
  55  8:09  Probe  
  56  8:13  Probe  
  56  8:19  Assimilator  
  57  8:20  Probe  
  57  8:22  Probe  
  57  8:24  Pylon  
  57  8:25  Probe  
  60  8:28  Pylon  
  60  8:30  Probe  
  60  8:32  Probe  
  62  8:41  Probe  
  62  8:42  Carrier  
  62  8:43  Probe, Assimilator  
  70  8:51  Probe  
  70  8:53  Probe  
  72  8:57  Stargate  
  72  9:01  Twilight Council  
  72  9:04  Probe  
  73  9:14  Probe  
  74  9:25  Probe  
  74  9:27  Assimilator  
  75  9:32  Void Ray  
  75  9:35  Probe  
  80  9:45  Protoss Air Armor Level 1 (Chrono Boost)  
  80  9:46  Probe  
  80  9:49  Probe  
  82  10:01  Probe  
  82  10:06  Nexus  
  83  10:07  Carrier, Void Ray  
  83  10:08  Pylon  
  83  10:11  Pylon  
  83  10:13  Probe  
  83  10:14  Pylon  
  100  10:15  Carrier  
  100  10:16  Pylon  
  100  10:19  Protoss Shields Level 2 (Chrono Boost), Assimilator  
  106  10:37  Probe  
  107  10:48  Probe  
  108  10:50  Carrier  
  114  10:58  Probe  
  111  11:05  Protoss Air Weapons Level 3  
  111  11:09  Probe  
  70  11:53  Probe (Chrono Boost)  
  71  12:02  Carrier  
  71  12:03  Carrier  
  71  12:04  Probe (Chrono Boost)  
  84  12:15  Probe (Chrono Boost)  
  85  12:16  Void Ray  
  89  12:25  Probe (Chrono Boost)  
  90  12:33  Probe (Chrono Boost)  
  90  12:36  Probe (Chrono Boost)  
  92  12:43  Probe (Chrono Boost)  
  93  12:54  Probe (Chrono Boost)  
  94  12:59  Void Ray  
  94  13:05  Probe (Chrono Boost)  
  99  13:14  Probe (Chrono Boost)  
  99  13:17  Protoss Shields Level 3 (Chrono Boost)  
  100  13:21  Probe  
  100  13:24  Protoss Air Armor Level 2  
  101  13:28  Void Ray  
  101  13:29  Void Ray  
  101  13:33  Probe  
  110  13:42  Void Ray  
  110  13:46  Probe  
  115  13:58  Probe  
  116  14:10  Probe  
  116  14:11  Void Ray  
  116  14:12  Void Ray  
  125  14:24  Void Ray  
  129  14:54  Void Ray  
  129  14:55  Void Ray  
  137  15:07  Void Ray  
  137  15:14  Probe  
  142  15:19  Probe  
  143  15:26  Probe  
  144  15:29  Probe  
  145  15:38  Probe  
  145  15:39  Void Ray x2  
  145  15:40  Probe  
  141  15:46  Protoss Air Armor Level 3  
  129  15:50  Probe, Void Ray  
  134  16:01  Probe  
  135  16:10  Mothership Core  
  137  16:22  Void Ray x2  
  137  16:25  Nexus  
  145  16:52  Pylon  
  145  16:56  Pylon  
  145  16:59  Pylon  
  145  17:04  Pylon  
  145  17:08  Pylon  
  145  17:09  Void Ray x2  
  145  17:13  Pylon, Void Ray  
  163  17:17  Pylon  
  163  17:18  Pylon  
  163  17:52  Carrier  
  163  17:56  Carrier  
  89  18:25  Carrier  
  80  18:31  Probe  
  73  19:18  Carrier  
  73  19:22  Carrier  
Tags
 
Add a new tag
Caveats
  • Supply blocks, unpowered buildings, or Contaminate may cause inaccurate times.
  • Supply counts are checked every 10 seconds.